 Dungeon Crawl Stone Soup version 0.23-a0-29-g1be82e5 (webtiles) character file.

6183 Gildeon the Slicer (level 10, -1/59 HPs)
             Began as a Deep Elf Fighter on July 28, 2018.
             Was a Priest of Nemelex Xobeh.
             Slain by an eight-headed hydra (12 damage)
             ... on level 1 of the Lair of Beasts on Aug 3, 2018.
             The game lasted 00:44:35 (12267 turns).

Gildeon the Slicer (Deep Elf Fighter)              Turns: 12267, Time: 00:44:36

Health: -1/59      AC: 12    Str: 15    XL:     10   Next: 60%
Magic:  15/15      EV: 13    Int: 14    God:    Nemelex Xobeh [***...]
Gold:   583        SH:  7    Dex: 15    Spells: 7/9 levels left

rFire    + . .     SeeInvis .   a - +3 rapier
rCold    . . .     Gourm    .   g - +2 buckler
rNeg     . . .     Faith    .   m - +2 ring mail {rF+}
rPois    .         Spirit   .   (no helmet)
rElec    .         Reflect  .   j - +2 cloak
rCorr    +         Harm     .   t - +0 pair of gloves
MR       ++...     Rnd*Rage +   e - +0 pair of boots
Stlth    ++........             (no amulet)
HPRegen  0.19/turn              d - ring of protection from magic
MPRegen  0.14/turn              y - ring of resist corrosion

@: no status effects
A: fangs 1, berserk 1
a: Triple Draw, Renounce Religion


You were on level 1 of the Lair of Beasts.
You worshipped Nemelex Xobeh.
Nemelex Xobeh was most pleased with you.
You were not hungry.

You visited 3 branches of the dungeon, and saw 11 of its levels.

You collected 583 gold pieces.

Inventory:

Hand Weapons
 a - a +3 rapier (weapon)
 u - the +6 mace of Muor {flame, rC+ rN+}
   (You found it on level 8 of the Dungeon)

   It has been specially enchanted to burn those struck by it, causing extra
   injury to most foes and up to half again as much damage against particularly
   susceptible opponents.
   It protects you from cold.
   It protects you from negative energy.
Missiles
 p - 2 throwing nets (quivered)
Armour
 e - a +0 pair of boots (worn)
 g - a +2 buckler (worn)
 j - a +2 cloak (worn)
 m - a +2 ring mail of fire resistance (worn)
 t - a +0 pair of gloves (worn)
 B - a +0 ring mail of cold resistance
Jewellery
 d - a ring of protection from magic (left hand)
 y - a ring of resist corrosion (right hand)
Wands
 r - a wand of digging (6)
 E - a wand of iceblast (5)
Scrolls
 f - 6 scrolls of remove curse
 i - 3 scrolls of fear
 n - a scroll of teleportation
Potions
 h - 2 potions of flight
 l - a potion of cancellation
 q - a potion of agility
 w - a potion of ambrosia
 x - 2 potions of haste
 z - 3 potions of curing
Miscellaneous
 k - a fan of gales (inert)
 o - an ornate deck of destruction {drawn: 10}
 s - a lightning rod (1/4)
 v - a lamp of fire (inert)
 A - an ornate deck of summoning
Comestibles
 b - 10 rations
 c - 2 chunks of flesh


   Skills:
 - Level 5.0 Fighting
 * Level 11.5 Short Blades
 + Level 2.4 Armour
 - Level 5.0 Dodging
 - Level 5.0 Stealth
 - Level 5.0 Shields
 - Level 5.0 Invocations
 + Level 3.8 Evocations


You had 7 spell levels left.
You knew the following spells:

 Your Spells              Type           Power        Failure   Level  Hunger
a - Poisonous Vapours     Pois/Air       #.....       63%         2    ###....

Your spell library contained the following spells:

 Spells                   Type           Power        Failure   Level  Hunger
 Conjure Flame            Conj/Fire      #.......     86%         3    ####...
 Freezing Cloud           Conj/Ice/Air   #.........   100%        6    #######
 Mephitic Cloud           Conj/Pois/Air  #.......     86%         3    ####...
 Ring of Flames           Chrm/Fire      #.........   100%        7    #######
 Death's Door             Chrm/Necr      #.........   100%        8    #######
 Haunt                    Necr/Summ      #.........   100%        7    #######
 Borgnjor's Revivificati  Necr           #.........   100%        8    #######
 Necromutation            Tmut/Necr      #.........   100%        8    #######
 Infestation              Necr           #.........   100%        8    #######


Dungeon Overview and Level Annotations

Branches:
Dungeon (9/15)             Temple (1/1) D:5            Lair (1/6) D:9
    Orc (0/2) D:9

Altars:
Ashenzari
Cheibriados
Dithmenos
Elyvilon
Fedhas
Gozag
Hepliaklqana
Kikubaaqudgha
Makhleb
Nemelex Xobeh
Okawaru
Qazlal
Ru
Sif Muna
Trog
Uskayaw
Vehumet
Wu Jian
Xom
Yredelemnul
Zin
The Shining One
Beogh

Shops:
D:4 *   D:8 :   D:9 ?

Annotations:
D:2 2 transporters, Sigmund
D:4 1 transporter
D:7 Joseph
Lair:1 1 runed door, Reyrhar's ghost, journeyman TrMo


Innate Abilities, Weirdness & Mutations

You have very sharp teeth.
You tend to lose your temper in combat.


Message History

* * * LOW HITPOINT WARNING * * *
You puncture the eight-headed hydra!
The eight-headed hydra is almost dead.
Your ring mail prevents you from hitting the eight-headed hydra.
The eight-headed hydra is almost dead.
The eight-headed hydra bites you but does no damage.
The eight-headed hydra bites you.
* * * LOW HITPOINT WARNING * * *
The eight-headed hydra completely misses you.
You block the eight-headed hydra's attack.
The eight-headed hydra barely misses you. x2
You block the eight-headed hydra's attack. x2
You hit the eight-headed hydra.
The eight-headed hydra is almost dead.
You block the eight-headed hydra's attack. x2
The eight-headed hydra misses you.
The eight-headed hydra bites you but does no damage.
The eight-headed hydra bites you!
You die...
Your body glows slightly and disappears.

.#............#.PPP
..............#.PP.
..............PP.P.
#..................
.#............?......
#.......................
...........÷............
.......%................
.......D@...............
..........†............
......................
......#####.#.....######
...... #.##..<..#W...[
...... #..........+≈≈≈≈)
...... #...##.....#....$
... #... #.....#### #
#............


You could see an eight-headed hydra.

Vanquished Creatures
  A wizard (D:9)
  3 yaks (D:9)
  A wyvern (D:8)
  A hungry ghost (D:9)
  A water moccasin (D:9)
  A hornet zombie (D:8)
  4 orc warriors
  3 phantoms
  A black bear (D:9)
  A sky beast (D:5)
  An ice beast (D:5)
  An eye of draining (D:8)
  A necrophage (D:7)
  5 ogres
  2 centaurs (D:5)
  5 bullfrogs
  A scorpion (D:8)
  2 howler monkeys (D:8)
  6 wights
  3 crimson imps
  6 hounds
  3 jellies (D:8)
  2 orc priests (D:9)
  4 orc wizards
  2 iguanas
  A centaur skeleton (D:9)
  Natasha (D:2)
  7 worker ants
  A hound zombie (D:8)
  A hound skeleton (D:5)
  10 adders
  4 shadow imps
  An ooze (D:3)
  2 adder zombies
  An adder skeleton (D:6)
  4 worms
  A dart slug (D:3)
  5 leopard geckos
  28 orcs
  2 giant cockroaches
  9 goblins
  A hobgoblin (D:3)
  8 jackals
  4 kobolds
  3 quokkas
  3 ball pythons
  5 bats
  4 frilled lizards
  A quokka zombie (D:5)
  5 rats
  A plant (D:5)
174 creatures vanquished.

Vanquished Creatures (collateral kills)
  A centaur warrior (D:8)
  A black mamba (Lair:1)
  2 hippogriffs (D:9)
  2 orc warriors
  An ice beast (D:9)
  A centaur (D:8)
  A phantom (D:9)
  A bullfrog (D:8)
  A scorpion (D:9)
  A howler monkey (D:8)
  A hound (D:9)
  An orc wizard (D:8)
  2 orc priests
  A centaur skeleton (D:9)
  3 worker ants
  A worker ant zombie (D:9)
  A shadow imp (D:9)
  A leopard gecko (D:9)
  9 orcs
32 creatures vanquished.

Vanquished Creatures (others)
  A two-headed ogre (D:9)
  A hornet (D:8)
  A bullfrog (D:9)
  A wyvern skeleton (D:9)
  A worker ant (D:5)
  A ball lightning (Lair:1)
  A leopard gecko (D:9)
  A fire vortex (D:6)
8 creatures vanquished.

Grand Total: 214 creatures vanquished

Notes
Turn   | Place    | Note
-------+----------+-------------------------------------------
     0 | D:1      | Gildeon the Deep Elf Fighter began the quest for the Orb.
     0 | D:1      | Reached XP level 1. HP: 13/13 MP: 3/3
   566 | D:1      | Reached XP level 2. HP: 18/18 MP: 4/4
   585 | D:1      | Reached skill level 1 in Dodging
  1312 | D:2      | Reached XP level 3. HP: 18/22 MP: 5/5
  1497 | D:2      | Found a sparkling altar of Nemelex Xobeh.
  1503 | D:2      | Found a transporter.
  1513 | D:2      | Found a transporter.
  1579 | D:2      | Reached skill level 3 in Short Blades
  2044 | D:2      | Noticed Natasha
  2051 | D:2      | Killed Natasha
  2051 | D:2      | Reached XP level 4. HP: 27/27 MP: 6/6
  2160 | D:2      | Noticed Sigmund
  2263 | D:3      | Gained mutation: You tend to lose your temper in combat. [potion of mutation]
  2263 | D:3      | Gained mutation: You have very sharp teeth. [potion of mutation]
  3520 | D:4      | Reached XP level 5. HP: 30/31 MP: 7/7
  3527 | D:4      | Reached skill level 4 in Short Blades
  3754 | D:4      | Found a shattered altar of Ashenzari.
  3754 | D:4      | Found a white marble altar of Elyvilon.
  3757 | D:4      | Found an ornate altar of the Wu Jian Council.
  3783 | D:4      | Found a deep blue altar of Sif Muna.
  3942 | D:4      | Found Soxtomem's General Store.
  4004 | D:4      | Found a sparkling altar of Nemelex Xobeh.
  4004 | D:4      | Found a transporter.
  4004 | D:4      | Noticed a purple ugly thing
  4015 | D:4      | Became a worshipper of Nemelex Xobeh the Trickster
  4217 | D:4      | Noticed an ogre
  4228 | D:5      | Entered Level 5 of the Dungeon
  4260 | D:5      | Reached XP level 6. HP: 29/36 MP: 8/8
  4489 | D:5      | Reached skill level 5 in Short Blades
  4665 | D:5      | Found a staircase to the Ecumenical Temple.
  4671 | Temple   | Entered the Ecumenical Temple
  4691 | D:5      | Received a gift from Nemelex Xobeh
  4915 | D:5      | Noticed an ice beast
  4928 | D:5      | Killed an ice beast
  4928 | D:5      | Reached XP level 7. HP: 40/40 MP: 9/9
  4968 | D:5      | Reached skill level 6 in Short Blades
  5131 | D:5      | Reached skill level 5 in Dodging
  5890 | D:6      | Reached XP level 8. HP: 37/45 MP: 10/10
  5908 | D:6      | Reached * piety under Nemelex Xobeh
  5970 | D:6      | Reached skill level 7 in Short Blades
  6695 | D:6      | Found a bloodstained altar of Trog.
  6723 | D:6      | Received a gift from Nemelex Xobeh
  6785 | D:6      | Reached skill level 5 in Shields
  7155 | D:7      | Noticed Joseph
  7278 | D:7      | Reached skill level 1 in Stealth
  7281 | D:7      | Reached skill level 8 in Short Blades
  7857 | D:7      | Found a blossoming altar of Fedhas.
  8067 | D:8      | Noticed a hornet
  8096 | D:7      | Reached XP level 9. HP: 9/52 MP: 11/11
  8904 | D:8      | Reached skill level 9 in Short Blades
  9379 | D:8      | Reached ** piety under Nemelex Xobeh
  9431 | D:8      | Noticed a centaur warrior
  9528 | D:8      | Reached skill level 5 in Stealth
  9691 | D:8      | Received a gift from Nemelex Xobeh
  9773 | D:8      | Killed a centaur warrior
  9773 | D:8      | Reached skill level 1 in Invocations
  9774 | D:8      | Reached skill level 5 in Fighting
  9779 | D:8      | Reached skill level 10 in Short Blades
  9943 | D:8      | Got an ancient mace
  9951 | D:8      | Identified the +6 mace of Muor {flame, rC+ rN+} (You found it on level 8 of the Dungeon)
 10226 | D:8      | Found Sutsaplib's Book Shoppe.
 10281 | D:8      | Learned a level 2 spell: Poisonous Vapours
 10517 | D:8      | Reached XP level 10. HP: 51/59 MP: 14/14
 10610 | D:9      | Reached skill level 1 in Evocations
 10722 | D:9      | Found a staircase to the Orcish Mines.
 10748 | D:9      | Found a roughly hewn altar of Beogh.
 10843 | D:9      | Killed a two-headed ogre
 11095 | D:9      | Reached skill level 11 in Short Blades
 11353 | D:9      | Found a staircase to the Lair.
 11367 | D:9      | Found a radiant altar of Vehumet.
 11415 | D:9      | Noticed a wizard
 11417 | D:9      | Upgraded the game from 0.22-a0-866-geee5034 to 0.22-a0-877-g5c4e1af
 11558 | D:9      | Killed a wizard
 11577 | D:9      | Got a shimmering war axe {elec}
 11608 | D:9      | Upgraded the game from 0.22-a0-877-g5c4e1af to 0.23-a0-8-gb809bb7
 11642 | D:9      | Found Dabouxt's Magic Scroll Shop.
 12183 | D:9      | Upgraded the game from 0.23-a0-8-gb809bb7 to 0.23-a0-29-g1be82e5
 12207 | Lair:1   | Entered Level 1 of the Lair of Beasts
 12207 | Lair:1   | Found a runed door.
 12211 | Lair:1   | Noticed Reyrhar's ghost (journeyman TrMo)
 12217 | Lair:1   | Reached *** piety under Nemelex Xobeh
 12219 | Lair:1   | Received a gift from Nemelex Xobeh
 12237 | Lair:1   | Noticed a black mamba
 12247 | Lair:1   | Killed a black mamba
 12247 | Lair:1   | Reached skill level 5 in Invocations
 12257 | Lair:1   | Noticed an eight-headed hydra
 12267 | Lair:1   | Slain by an eight-headed hydra

Vault maps used:
D:1:      dpeg_arrival_circle_labyrinth_c
D:2:      gammafunk_temple_overflow_arena, grunt_ministairs_8, uniq_natasha,
          uniq_sigmund
D:3:      minivault_24
D:4:      nicolae_overflow_quartered_altars, first_ration, serial_shops, shop,
          grunt_nemelex_the_gamble
D:5:      minmay_temple_entry_mist, serial_bayou_crossing
D:6:      trog_three_pillars_becter
D:7:      fedhas_altar_fruit_tree, uniq_joseph
D:8:      minmay_the_grid_octo_triangle, serial_shops, shop, serial_glass,
          glass_columns_b, glass_columns_a, grunt_ogre_cave
D:9:      kennysheep_blocky_room, fiery_altar_vehumet,
          minmay_orc_entry_temple_small, serial_shops, shop_statue
Temple:   minmay_freezing_vapour_temple
Lair:1:   minmay_lair_venomous_thicket, ebering_ghost_reflecting_pool,
          serial_bayou_pond_e, lemuel_fruit_fields

Skill      XL: |  1  2  3  4  5  6  7  8  9 10 |
---------------+-------------------------------+-----
Dodging        | 1 2 3 4 5 |  5.0
Short Blades   | 3 4 5 6 8 10 11 | 11.5
Shields        | 3 4 5 |  5.0
Fighting       | 4 5 |  5.0
Stealth        | 3 5 |  5.0
Invocations    | 3 5 |  5.0
Evocations     | 3 |  3.8
Armour         | |  2.4

Action                   |  1- 3 |  4- 6 |  7- 9 | 10-12 || total
-------------------------+-------+-------+-------+-------++-------
Melee: Rapier            |    92 |   204 |   581 |   183 ||  1060
       Bite              |       |    16 |    59 |    19 ||    94
Evoke: Deck              |       |     1 |    16 |    11 ||    28
       Lightning rod     |       |       |       |     4 ||     4
       Fan of gales      |       |       |       |     1 ||     1
       Lamp of fire      |       |       |       |     1 ||     1
  Use: Scroll            |     3 |     7 |    11 |     5 ||    26
       Potion            |     1 |     4 |     4 |       ||     9
 Stab: Sleeping          |       |       |     2 |     1 ||     3
       Distracted        |       |       |       |     1 ||     1
  Eat: Chunk             |     2 |     4 |     8 |     7 ||    21
       Ration            |     1 |     1 |     3 |     1 ||     6
Armor: Ring mail         |    19 |    53 |    84 |    37 ||   193
       Scale mail        |     1 |       |       |       ||     1
Dodge: Dodged            |    33 |    89 |   194 |    73 ||   389
Block: Shield            |    11 |       |       |       ||    11
       Buckler           |    12 |    64 |   140 |    45 ||   261

Table legend:
 A = Spawn XP
 B = Non-spawn XP
 C = Spawn XP percentage of total XP
 D = Spawn monster count
 E = Non-spawn monster count
 F = Spawn count percentage of total count
 G = Total turns spent on level
                    A         B        C        D         E        F      G
               +---------+---------+-------+---------+---------+-------+---------
         Total |       0 |    8834 |   0.0 |       0 |     207 |   0.0 | 12267
               +---------+---------+-------+---------+---------+-------+---------
           D:1 |       0 |      22 |   0.0 |       0 |      14 |   0.0 |   997
           D:2 |       0 |      90 |   0.0 |       0 |      15 |   0.0 |  1260
           D:3 |       0 |      63 |   0.0 |       0 |      19 |   0.0 |  1176
           D:4 |       0 |     263 |   0.0 |       0 |       7 |   0.0 |   883
           D:5 |       0 |     965 |   0.0 |       0 |      23 |   0.0 |  1360
           D:6 |       0 |     692 |   0.0 |       0 |      25 |   0.0 |  1681
           D:7 |       0 |     744 |   0.0 |       0 |      15 |   0.0 |  1400
           D:8 |       0 |    2699 |   0.0 |       0 |      38 |   0.0 |  1794
           D:9 |       0 |    2696 |   0.0 |       0 |      48 |   0.0 |  1637
        Lair:1 |       0 |     600 |   0.0 |       0 |       3 |   0.0 |    60
               +---------+---------+-------+---------+---------+-------+---------
